 Dungeon Crawl Stone Soup version 0.30.1-11-g7821555f0a (webtiles) character file.

Game seed: 9663610327274068689

289 Okkudo the Cleaver (level 6, -4/51 HPs)
             Began as a Hill Orc Monk on Nov 29, 2023.
             Was a Believer of Beogh.
             Slain by a gnoll
             ... wielding a +0 flail
              (9 damage)
             ... on level 3 of the Dungeon.
             The game lasted 00:09:26 (2703 turns).

Okkudo the Cleaver (Hill Orc Monk)                  Turns: 2703, Time: 00:09:29

Health: -4/51      AC: 11    Str: 16    XL:     6   Next: 31%
Magic:  6/6        EV:  7    Int: 16    God:    Beogh [**....]
Gold:   104        SH:  0    Dex: 13    Spells: 5/5 levels left

rFire   . . .        a - +0 hand axe
rCold   . . .        d - orb {light}
rNeg    . . .        s - +0 chain mail
rPois   +            p - +0 helmet
rElec   .            u - +0 cloak
rCorr   .            o - +0 pair of gloves
SInv    .            (no boots)
Will    .....        (no amulet)
Stlth   x              - +6 ring of intelligence
HPRegen 0.28/turn    w - ring of poison resistance
MPRegen 0.10/turn

%: no passive effects
@: glowing
A: no striking features
a: Renounce Religion, Smiting


You were on level 3 of the Dungeon.
You worshipped Beogh.
Beogh was pleased with you.
You visited 1 branch of the dungeon, and saw 3 of its levels.

You collected 104 gold pieces.

Inventory:

Hand Weapons
 a - a +0 hand axe (weapon)
Missiles
 v - 9 poisoned darts (quivered)
Armour
 d - an orb of light (worn)
 o - a +0 pair of gloves (worn)
 p - a +0 helmet (worn)
 s - a +0 chain mail (worn)
 u - a +0 cloak (worn)
Jewellery
 t - a ring of ice
 w - a ring of poison resistance (right hand)
 x - a +6 ring of intelligence (left hand)
Scrolls
 b - a scroll of enchant armour {unknown}
 f - a scroll of immolation {unknown}
 g - a scroll of acquirement {unknown}
 h - 3 scrolls of teleportation {unknown}
 k - a scroll of poison {unknown}
 q - a scroll of fear {unknown}
Potions
 c - a potion of ambrosia
 e - a potion of invisibility {unknown}
 i - a potion of flight {unknown}
 j - a potion of magic {unknown}
 l - a potion of cancellation {unknown}
 m - 3 potions of curing {unknown}
 n - 2 potions of lignification {unknown}
 r - a potion of heal wounds {unknown}


   Skills:
 - Level 3.6 Fighting
 * Level 9.1 Axes
 - Level 2.4 Dodging


You had 5 spell levels left.
You didn't know any spells.
Your spell library contained the following spells:

 Spells                   Type           Power      Damage    Failure   Level
 Summon Small Mammal      Summ           0%         N/A       98%         1
 Cigotuvi's Dreadful Rot  Necr/Pois/Air  0%         N/A       99%         2
 Call Canine Familiar     Summ           0%         N/A       100%        3
 Ignite Poison            Fire/Tmut/Pois 0%         N/A       100%        3
 Summon Guardian Golem    Hex/Summ       0%         N/A       100%        3
 Manifold Assault         Tloc           0%         N/A       100%        4
 Freezing Cloud           Conj/Ice/Air   0%         6-21      100%        5
 Dispersal                Tloc           0%         N/A       100%        6
 Disjunction              Tloc           0%         N/A       100%        8


Dungeon Overview and Level Annotations

Branches:
Dungeon (3/15)

Altars:

Shops:
D:1 :

Annotations:
D:3 1 transporter, leafyfresh's ghost, amateur BaDe


Message History

The gnoll barely misses you. The gnoll hits you but does no damage.
You see here a +0 flail.
You hit leafyfresh's ghost.
Leafyfresh's ghost is severely damaged.
You hit the gnoll bouda. You hit the gnoll.
The gnoll is no longer moving quickly. x2; The gnoll closely misses you.
The gnoll bouda barks out a call to the hunt!
The gnolls pick up the pace!
Leafyfresh's ghost hits you. The gnoll barely misses you.
You hit leafyfresh's ghost.
Leafyfresh's ghost is severely damaged.
You hit the gnoll.
You hit the gnoll bouda but do no damage.
The gnoll is no longer moving quickly.
The gnoll closely misses you. The gnoll hits you with a +0 flail.
* * * LOW HITPOINT WARNING * * *
The gnoll bouda barks out a call to the hunt!
The gnoll picks up the pace!
The gnoll closely misses you.
Leafyfresh's ghost hits you but does no damage.
You hit leafyfresh's ghost.
Leafyfresh's ghost is almost destroyed.
You hit the gnoll but do no damage. You barely miss the gnoll bouda.
The gnoll hits you but does no damage. x2
The gnoll hits you from afar with a +0 spear.
* * * LOW HITPOINT WARNING * * *
The gnoll bouda calls upon its god to heal the gnoll.
The gnoll is healed somewhat.
Leafyfresh's ghost barely misses you.
You hit leafyfresh's ghost but do no damage.
Leafyfresh's ghost is almost destroyed.
You hit the gnoll bouda. You hit the gnoll but do no damage.
Your attacks no longer feel as feeble.
The gnoll hits you but does no damage.
Leafyfresh's ghost attacks as you move away!
Leafyfresh's ghost hits you.
* * * LOW HITPOINT WARNING * * *
The gnoll bouda completely misses you. The gnoll hits you with a +0 flail.
* * * LOW HITPOINT WARNING * * *
The gnoll hits you with a +0 flail!
You die...

##)≈≈#8.###g###.8#≈≈.# #. #
#)≈≈#...........#≈≈.# ##. ##
#.≈≈###.##'##.###≈≈.# ##.. .#
#.≈≈..#.#.$$#.#..≈≈.# #... ##
#.≈≈.##.#...#.##.≈≈.# ##.. #
###.≈≈.#..#.:=#.©#.≈≈.# ##.
#####.).≈≈.##.#####.##.≈≈.######.
......#.....#.#8g8#.#..≈≈........
#######....©#.gg@.'.#©.~~..#####.
#....o#.#Wgg#.#..≈≈.## #.
#######.≈≈.##.##.##.##.≈≈.# #.
#.<....o≈≈.#..#...#?g#.≈≈.# #.
#.#####.≈≈.##.'...'.##.≈≈.## #.
#<#####.≈≈..#.#...#.#..≈≈..# #.
#.##....≈≈###.##'##.###≈≈..#####.
........≈≈#...........#≈≈........
#.####..≈≈#8.###.###.8#≈≈..####..


You could see a gnoll bouda, leafyfresh's ghost, 4 gnolls and a neutral orc
wizard (wandering).

Vanquished Creatures
  Sigmund (D:2)
  An orc wizard (D:3)
  Robin (D:3)
  2 gnolls (D:3)
  An adder (D:3)
  2 worms
  3 orcs (D:3)
  5 endoplasms
  A giant cockroach (D:2)
  9 goblins (D:3)
  6 hobgoblins
  4 jackals (D:2)
  A quokka (D:1)
  8 ball pythons
  2 bats
  2 frilled lizards (D:1)
  6 kobolds
  4 rats
59 creatures vanquished.

Vanquished Creatures (others)
  2 orcs (D:3)
  2 rats (D:3)
4 creatures vanquished.

Grand Total: 63 creatures vanquished

Notes
Turn   | Place    | Note
-------+----------+-------------------------------------------
     0 | D:1      | Okkudo the Hill Orc Monk began the quest for the Orb.
     0 | D:1      | Reached XP level 1. HP: 19/19 MP: 1/1
   300 | D:1      | Found Voceotuf's Vocational Training.
   309 | D:1      | Reached XP level 2. HP: 26/26 MP: 2/2
   686 | D:2      | Reached skill level 5 in Axes
   887 | D:2      | Reached XP level 3. HP: 18/31 MP: 3/3
   994 | D:2      | Noticed Sigmund
  1225 | D:2      | Killed Sigmund
  1226 | D:2      | Reached skill level 8 in Axes
  1226 | D:2      | Reached XP level 4. HP: 21/39 MP: 4/4
  1226 | D:2      | Reached XP level 5. HP: 24/45 MP: 5/5
  1550 | D:3      | Noticed Robin
  1559 | D:3      | Became a worshipper of Beogh the Brigand
  1559 | D:3      | Reached * piety under Beogh
  1559 | D:3      | Reached ** piety under Beogh
  1602 | D:3      | Killed Robin
  1717 | D:3      | Reached XP level 6. HP: 51/51 MP: 6/6
  1768 | D:3      | Found a transporter.
  1879 | D:3      | Found a transporter.
  1888 | D:3      | Noticed leafyfresh's ghost (amateur BaDe)
  2490 | D:3      | Reached skill level 9 in Axes
  2703 | D:3      | Slain by a gnoll

Illustrated notes

Levels and vault maps discovered:
D:1:      lightli_arrival_noodles, layout_loops_ring, nicolae_shop_vocational
D:2:      layout_loops_cross, hex_tiny, uniq_sigmund
D:3:      layout_loops_corners, gammafunk_ghost_gnarly_gnolls, minivault_19,
          uniq_robin

Skill      XL: |  1  2  3  4  5  6 |
---------------+-------------------+-----
Axes           | 5 8 9 |  9.1
Fighting       | |  3.6
Dodging        | |  2.4

Action                     |  1- 3 |  4- 6 || total
---------------------------+-------+-------++-------
  Melee: Hand axe          |   108 |    73 ||   181
 Invoke: Convert to Beogh  |       |     1 ||     1
 Armour: Robe              |    13 |     4 ||    17
         Chain mail        |       |    21 ||    21
  Dodge: Dodged            |    68 |    39 ||   107
